Map: Dusk Towers

Players

fiddyk

  • Race: Protoss Protoss
  • League: Bronze

LMLelas - Winner!

  • Race: Zerg Zerg
  • League: Silver

VOD

Have the link to the VOD?

Description

Time

  • Played on: May 15, 2016, 3:37 p.m.
  • Length: 10:03
Show
View Real Time Build Order
Export as new Build Order

fiddyk Protoss 

Build Orders:  

Get SALT Encoding   

  12  0:03  Probe (Chrono Boost)  
  13  0:15  Probe (Chrono Boost)  
  14  0:23  Pylon  
  14  0:25  Probe (Chrono Boost)  
  15  0:41  Probe (Chrono Boost)  
  16  0:44  Forge  
  16  0:51  Probe (Chrono Boost)  
  17  1:02  Assimilator  
  17  1:03  Probe (Chrono Boost)  
  18  1:13  Probe (Chrono Boost), Gateway  
  19  1:20  Photon Cannon  
  19  1:34  Pylon  
  19  1:42  Pylon  
  19  1:48  Pylon  
  19  1:55  Photon Cannon  
  19  1:58  Pylon  
  19  2:09  Photon Cannon  
  19  2:14  Pylon  
  19  2:25  Photon Cannon  
  19  2:34  Photon Cannon  
  19  2:43  Photon Cannon  
  19  2:56  Photon Cannon  
  19  3:05  Zealot (Chrono Boost)  
  20  3:17  Photon Cannon  
  20  3:23  Pylon  
  20  3:29  Zealot (Chrono Boost)  
  20  3:31  Gateway  
  22  3:38  Photon Cannon  
  22  3:41  Probe  
  23  3:57  Pylon  
  23  4:02  Cybernetics Core  
  23  4:08  Assimilator  
  23  4:15  Zealot (Chrono Boost)  
  25  4:18  Zealot (Chrono Boost)  
  29  4:55  Stalker (Chrono Boost)  
  29  5:08  Warp Gate (Chrono Boost)  
  29  5:09  Nexus  
  29  5:21  Pylon  
  29  5:32  Pylon  
  29  5:49  Photon Cannon  
  29  5:55  Probe  
  29  5:57  Photon Cannon  
  30  6:08  Probe, Photon Cannon  
  31  6:20  Probe  
  32  6:29  Probe  
  32  6:30  Gateway  
  32  6:32  Probe  
  34  6:40  Probe  
  34  6:44  Probe  
  36  6:50  Probe  
  36  6:53  Pylon  
  37  7:01  Probe  
  37  7:06  Twilight Council  
  38  7:11  Probe, Assimilator  
  39  7:17  Assimilator  
  39  7:20  Stalker  
  39  7:21  Stalker  
  39  7:22  Probe  
  44  7:32  Probe  
  44  7:34  Pylon  
  45  7:42  Pylon  
  45  7:44  Stalker  
  45  7:47  Stalker  
  45  7:50  Stalker  
  51  7:54  Charge (Chrono Boost)  
  51  7:57  Protoss Ground Weapons Level 1 (Chrono Boost)  
  51  8:20  Pylon  
  51  8:26  Pylon  
  51  8:32  Pylon  
  51  8:41  Nexus  
  51  8:52  Photon Cannon  
  41  8:55  Zealot  
  41  8:57  Sentry  
  41  8:59  Stalker  
  35  9:12  Mothership Core  
  34  9:27  Zealot  
  34  9:28  Zealot  
  34  9:29  Photon Cannon, Stalker  
Show
View Real Time Build Order
Export as new Build Order

LMLelas Zerg - Winner!

Build Orders: Hatch First 

Get SALT Encoding   

  12  0:01  Drone  
  13  0:09  Drone  
  14  0:14  Extractor  
  14  0:16  Drone  
  14  0:23  Overlord  
  15  0:42  Drone x2  
  17  0:49  Drone  
  18  0:59  Drone  
  18  1:02  Hatchery  
  18  1:14  Spawning Pool  
  18  1:17  Extractor  
  18  1:18  Drone  
  17  1:21  Drone  
  18  2:36  Zergling x2  
  18  2:37  Zergling x10  
  21  2:38  Metabolic Boost  
  24  3:15  Drone  
  24  3:16  Drone x3  
  24  3:17  Overlord  
  28  3:35  Queen x2  
  32  3:46  Drone x3  
  32  3:47  Overlord x2  
  35  3:56  Roach Warren  
  34  4:29  Drone  
  34  4:30  Drone x5  
  39  4:38  Extractor  
  38  4:50  Roach x2  
  42  4:54  Lair  
  42  4:59  Evolution Chamber  
  41  5:03  Evolution Chamber  
  40  5:08  Roach x5  
  40  5:12  Extractor  
  49  5:15  Extractor  
  48  5:38  Drone x3  
  48  5:39  Overlord x3  
  51  5:57  Zerg Missile Weapons Level 1, Queen  
  51  5:59  Glial Reconstitution, Zerg Ground Armor Level 1, Hatchery  
  52  6:14  Roach  
  52  6:15  Roach x4  
  52  6:18  Drone  
  63  6:19  Drone x3  
  66  6:32  Overseer  
  66  7:03  Overlord x2  
  66  7:14  Ravager x3  
  66  7:15  Ravager x2  
  71  7:49  Roach  
  71  7:50  Overlord x2, Roach x4  
  81  7:51  Overlord  
  81  8:12  Roach  
  83  8:13  Roach x11  
  83  8:14  Overlord  
  83  8:15  Overlord  
  105  8:24  Overlord x2  
  105  8:35  Roach  
  105  8:36  Roach x2  
  105  9:14  Roach  
  105  9:15  Roach x7  
Tags
 
Add a new tag
Caveats
  • Supply blocks, unpowered buildings, or Contaminate may cause inaccurate times.
  • Supply counts are checked every 10 seconds.